AoeStats
← ForgeableSum

Arabia

510466807Analyzed
1v1 RM · 2d ago on Oct 1, 2026· 63m 24s· 2 players
Game mode
Random Map
Map size
Tiny (2 player)
Population
200
Speed
Normal
Resources
Standard
Victory
Conquest
Starting age
Dark Age
Ending age
Imperial Age
RankedLock teamsTeams togetherTeam positionsShared explorationLock speedFull tech treeHidden civsTurbo modeCheats
Victory
Defeat
🇺🇸 Italians · United States
1421
+15
🇫🇷 Teutons · France
1397
-15
Teckno_PanDa
6:40 Loom
8:56 Feudal Age
9:44 Double-Bit Axe
10:29 Man-at-Arms
18:08 Fletching
23:07 Castle Age
20:55 Horse Collar
21:25 Gold Mining
22:30 Scale Barding Armor
22:59 Padded Archer Armor
23:57 Bloodlines
26:15 Chain Barding Armor
29:00 Forging
32:25 Iron Casting
39:48 Elite Skirmisher
41:18 Wheelbarrow
40:54 Bow Saw
48:10 Imperial Age
46:19 Ballistics
46:24 Leather Archer Armor
47:12 Masonry
47:38 Bodkin Arrow
49:19 Conscription
48:22 Cavalier
49:44 Plate Barding Armor
50:32 Chemistry
51:04 Town Watch
55:41 Ring Archer Armor
56:53 Town Patrol
57:33 Hand Cart
58:17 Squires
58:02 Gambesons
58:53 Scale Mail Armor
59:53 Blast Furnace
58:26 Pikeman
62:23 Gambesons
ForgeableSum
7:16 Loom
9:44 Feudal Age
9:56 Man-at-Arms
14:49 Double-Bit Axe
16:09 Fletching
18:02 Padded Archer Armor
23:47 Castle Age
21:51 Horse Collar
23:08 Bloodlines
23:51 Scale Barding Armor
24:37 Scale Barding Armor
27:43 Husbandry
28:35 Chain Barding Armor
30:04 Forging
30:15 Bow Saw
34:34 Heavy Plow
34:39 Town Watch
37:45 Bodkin Arrow
38:47 Leather Archer Armor
43:13 Imperial Age
44:08 Bracer
44:48 Plate Barding Armor
44:44 Light Cavalry
47:36 Conscription
51:36 Wheelbarrow
54:07 Hand Cart
55:27 Ring Archer Armor
59:37 Crop Rotation
63:06 Iron Casting
Connection lost

Rejoining the realm…

Still unreachable

The connection could not be restored.

Session expired

The server has moved on; the page needs a fresh start.